PL
BOSTON PATRIOTS @ ATHLETIC CLUB KC
05/29/2020
 
TOP OF THE 1ST
Boston Patriots batting - Pitching for Athletic Club KC : RHP Clemente Prista
Pitching: RHP Clemente Prista
Batting: LHB Bill Chambers 0-0: Called Strike
0-1: Called Strike
0-2: Fly out, F9 (Flyball, 89XD)
Batting: LHB Paul Smith 0-0: SINGLE (Groundball, 34D)
Batting: RHB Manuel Villarreal 0-0: Called Strike
0-1: Swinging Strike
0-2: Strikes out swinging
Batting: RHB Tommy Jones 0-0: Ball
1-0: Ball
2-0: Ball
3-0: Called Strike
3-1: Called Strike
3-2: Foul Ball, location: 2F
3-2: Ground out 5-3 (Groundball, 5L)
Top of the 1st over - 0 run(s), 1 hit(s), 0 error(s), 1 left on base; Boston 0 - Athletic Club KC 0
BOTTOM OF THE 1ST
Athletic Club KC batting - Pitching for Boston Patriots : LHP Kyle Lewis
Pitching: LHP Kyle Lewis
Batting: SHB David Henderson 0-0: Called Strike
0-1: Called Strike
0-2: Foul Ball, location: 2F
0-2: Ball
1-2: Ball
2-2: Strikes out swinging
Batting: RHB Harry Fuller 0-0: Ball
1-0: Foul Ball, location: 2F
1-1: Called Strike
1-2: Foul Ball, location: 2F
1-2: Strikes out swinging
Batting: RHB Ramón Souza 0-0: Ball
1-0: Ball
2-0: Swinging Strike
2-1: Foul Ball, location: 2F
2-2: Ball
3-2: Strikes out swinging
Bottom of the 1st over - 0 run(s), 0 hit(s), 0 error(s), 0 left on base; Boston 0 - Athletic Club KC 0
TOP OF THE 2ND
Boston Patriots batting - Pitching for Athletic Club KC : RHP Clemente Prista
Batting: LHB Chad Armstrong 0-0: Ball
1-0: Ball
2-0: Ball
3-0: Called Strike
3-1: Called Strike
3-2: Strikes out swinging
Batting: LHB Luis Rodríguez 0-0: Called Strike
0-1: Ground out 3-1 (Groundball, 34)
Batting: LHB Jake Shelton 0-0: Swinging Strike
0-1: Swinging Strike
0-2: Ball
1-2: SINGLE (Groundball, 34)
Batting: RHB Bob Heller 0-0: Foul Ball, location: 2F
0-1: Foul Ball, location: 2F
0-2: Strikes out swinging
Top of the 2nd over - 0 run(s), 1 hit(s), 0 error(s), 1 left on base; Boston 0 - Athletic Club KC 0
BOTTOM OF THE 2ND
Athletic Club KC batting - Pitching for Boston Patriots : LHP Kyle Lewis
Batting: RHB Ed Hopkins 0-0: Ball
1-0: Ball
2-0: Ball
3-0: Foul Ball, location: 2F
3-1: Ground out 2-3 (Groundball, 25)
Batting: RHB Rick Atkinson 0-0: Foul Ball, location: 2F
0-1: Swinging Strike
0-2: Ball
1-2: Foul Ball, location: 2F
1-2: Strikes out looking
Batting: RHB Jorge Trevino 0-0: Ball
1-0: Ground out 6-3 (Groundball, 56)
Bottom of the 2nd over - 0 run(s), 0 hit(s), 0 error(s), 0 left on base; Boston 0 - Athletic Club KC 0
TOP OF THE 3RD
Boston Patriots batting - Pitching for Athletic Club KC : RHP Clemente Prista
Batting: LHB Kyle Lewis 0-0: Ball
1-0: Called Strike
1-1: Ball
2-1: Foul Ball, location: 2F
2-2: Strikes out swinging
Batting: LHB Bill Chambers 0-0: Ball
1-0: Ball
2-0: Ball
3-0: Called Strike
3-1: Fly out, F7 (Flyball, 7LM)
Batting: LHB Paul Smith 0-0: Called Strike
0-1: SINGLE (Groundball, 34D)
Batting: RHB Manuel Villarreal 0-0: Called Strike
0-1: Foul Ball, location: 2F
0-2: Ball
1-2: Foul Ball, location: 2F
1-2: Ball
2-2: Foul Ball, location: 2F
2-2: Foul Ball, location: 2F
2-2: Ground out 5-3 (Groundball, 56)
Top of the 3rd over - 0 run(s), 1 hit(s), 0 error(s), 1 left on base; Boston 0 - Athletic Club KC 0
BOTTOM OF THE 3RD
Athletic Club KC batting - Pitching for Boston Patriots : LHP Kyle Lewis
Batting: RHB Juan Benítez 0-0: Ball
1-0: Ball
2-0: Foul Ball, location: 2F
2-1: Ball
3-1: SOLO HOME RUN (Flyball, 8LXD), Distance : 441 ft
Batting: RHB Todd Blake 0-0: Ball
1-0: Called Strike
1-1: Ball
2-1: Ball
3-1: Called Strike
3-2: Foul Ball, location: 2F
3-2: Foul Ball, location: 2F
3-2: Base on Balls
Batting: SHB Clemente Prista 0-0: Sac Bunt - play at first, batter OUT! 1-4
Todd Blake to second
Batting: SHB David Henderson 0-0: Called Strike
0-1: Swinging Strike
0-2: Ball
1-2: Ball
2-2: Strikes out swinging
Batting: RHB Harry Fuller 0-0: Ball
1-0: Ball
2-0: Fly out, F8 (Flyball, 8LD)
Bottom of the 3rd over - 1 run(s), 1 hit(s), 0 error(s), 1 left on base; Boston 0 - Athletic Club KC 1
TOP OF THE 4TH
Boston Patriots batting - Pitching for Athletic Club KC : RHP Clemente Prista
Batting: RHB Tommy Jones 0-0: Ball
1-0: Ground out 5-3 (Groundball, 5L)
Batting: LHB Chad Armstrong 0-0: Swinging Strike
0-1: Ball
1-1: Called Strike
1-2: Ball
2-2: Strikes out swinging
Batting: LHB Luis Rodríguez 0-0: Fly out, F8 (Flyball, 8LS)
Top of the 4th over - 0 run(s), 0 hit(s), 0 error(s), 0 left on base; Boston 0 - Athletic Club KC 1
BOTTOM OF THE 4TH
Athletic Club KC batting - Pitching for Boston Patriots : LHP Kyle Lewis
Batting: RHB Ramón Souza 0-0: Ball
1-0: Ball
2-0: Foul Ball, location: 2F
2-1: Ball
3-1: Base on Balls
Batting: RHB Ed Hopkins 0-0: Called Strike
0-1: Ball
1-1: Ball
2-1: Foul Ball, location: 2F
2-2: Strikes out looking
Batting: RHB Rick Atkinson 0-0: Swinging Strike
0-1: Ball
1-1: Swinging Strike
1-2: Strikes out looking
Batting: RHB Jorge Trevino 0-0: Ball
1-0: Foul Ball, location: 2F
1-1: Foul Ball, location: 2F
1-2: Ball
2-2: Ball
3-2: Strikes out swinging
Bottom of the 4th over - 0 run(s), 0 hit(s), 0 error(s), 1 left on base; Boston 0 - Athletic Club KC 1
TOP OF THE 5TH
Boston Patriots batting - Pitching for Athletic Club KC : RHP Clemente Prista
Batting: LHB Jake Shelton 0-0: Ground out 4-3 (Groundball, 4)
Batting: RHB Bob Heller 0-0: Foul Ball, location: 2F
0-1: Swinging Strike
0-2: Foul Ball, location: 2F
0-2: Ball
1-2: Strikes out swinging
Batting: LHB Kyle Lewis 0-0: Ball
1-0: Ball
2-0: SINGLE (Groundball, 34D)
Batting: LHB Bill Chambers 0-0: Swinging Strike
0-1: Ball
1-1: Fielders Choice at 2nd, U6 (Groundball, 6M)
Top of the 5th over - 0 run(s), 1 hit(s), 0 error(s), 1 left on base; Boston 0 - Athletic Club KC 1
BOTTOM OF THE 5TH
Athletic Club KC batting - Pitching for Boston Patriots : LHP Kyle Lewis
Batting: RHB Juan Benítez 0-0: Called Strike
0-1: Ball
1-1: Ball
2-1: Ball
3-1: Called Strike
3-2: Foul Ball, location: 2F
3-2: DOUBLE (Line Drive, 89D)
Batting: RHB Todd Blake 0-0: Ball
1-0: Called Strike
1-1: Ball
2-1: Ball
3-1: Base on Balls
Batting: SHB Clemente Prista 0-0: Sac Bunt - play at first, batter OUT! 3-4
Juan Benítez to third
Todd Blake to second
Batting: SHB David Henderson 0-0: SINGLE (Line Drive, 78S)
Juan Benítez scores
Todd Blake to third
Runner from 3rd tries for Home, SAFE, throw made home
David Henderson to second
Batting: RHB Harry Fuller 0-0: Ball
1-0: Called Strike
1-1: Foul Ball, location: 2F
1-2: Ball
2-2: SINGLE (Line Drive, 78S)
David Henderson to third
Runner from 3rd tries for Home, SAFE, throw made home
Harry Fuller to second
Batting: RHB Ramón Souza 0-0: Ball
1-0: Called Strike
1-1: Foul Ball, location: 2F
1-2: Foul Ball, location: 2F
1-2: Foul Ball, location: 2F
1-2: Ball
Wild Pitch!
Harry Fuller to third
2-2: Foul Ball, location: 2F
2-2: Foul Ball, location: 2F
2-2: Foul Ball, location: 2F
2-2: Foul Ball, location: 2F
2-2: Ground out 6-3 (Groundball, 6)
Harry Fuller scores
Batting: RHB Ed Hopkins 0-0: Swinging Strike
0-1: Ball
1-1: Foul Ball, location: 2F
1-2: Fly out, F9 (Flyball, 9D)
Bottom of the 5th over - 4 run(s), 3 hit(s), 0 error(s), 0 left on base; Boston 0 - Athletic Club KC 5
TOP OF THE 6TH
Boston Patriots batting - Pitching for Athletic Club KC : RHP Clemente Prista
Batting: LHB Paul Smith 0-0: Called Strike
0-1: Ball
1-1: Ball
2-1: Foul Ball, location: 2F
2-2: Foul Ball, location: 2F
2-2: Ball
3-2: SINGLE (Line Drive, 56D)
Batting: RHB Manuel Villarreal 0-0: Ball
Pickoff Throw by Catcher to First - Out!
1-0: Foul Ball, location: 2F
1-1: Called Strike
1-2: Foul Ball, location: 2F
1-2: Strikes out swinging
Batting: RHB Tommy Jones 0-0: Ball
1-0: Foul Ball, location: 2F
1-1: Fly out, F6 (Popup, 6D)
Top of the 6th over - 0 run(s), 1 hit(s), 0 error(s), 0 left on base; Boston 0 - Athletic Club KC 5
BOTTOM OF THE 6TH
Athletic Club KC batting - Pitching for Boston Patriots : LHP Kyle Lewis
Batting: RHB Rick Atkinson 0-0: SINGLE (Groundball, 56D)
Batting: RHB Jorge Trevino 0-0: Called Strike
0-1: Sac Bunt - play at first, batter OUT! 1-3
Rick Atkinson to second
Batting: RHB Juan Benítez 0-0: Called Strike
0-1: Ball
1-1: Ball
2-1: Ball
3-1: Fly out, F9 (Flyball, 9M)
Batting: RHB Todd Blake 0-0: Intentional Walk
Pitching: RHP Yuri Volkers
Pinch Hitting: LHB Chris Rice 0-0: Fielders Choice at 2nd, U6 (Groundball, 6M)
Bottom of the 6th over - 0 run(s), 1 hit(s), 0 error(s), 2 left on base; Boston 0 - Athletic Club KC 5
TOP OF THE 7TH
Boston Patriots batting - Pitching for Athletic Club KC : RHP Clemente Prista
Pitching: RHP Joe Ellis
Batting: LHB Chad Armstrong 0-0: SINGLE (Groundball, 4MD)
Batting: LHB Luis Rodríguez 0-0: Ball
1-0: SINGLE (Groundball, 3L)
Chad Armstrong to second
Batting: LHB Jake Shelton 0-0: Ball
1-0: DOUBLE (Line Drive, 9D)
Chad Armstrong scores
Luis Rodríguez to third
Batting: RHB Bob Heller 0-0: Ball
1-0: Ball
2-0: Ball
3-0: Called Strike
3-1: Called Strike
3-2: Foul Ball, location: 2F
3-2: Ground out 4-3 (Groundball, 4S)
Luis Rodríguez scores
Jake Shelton to third
Pinch Hitting: RHB Wilfred McLaughlin 0-0: Ball
1-0: Ball
2-0: Swinging Strike
2-1: Swinging Strike
2-2: Ball
3-2: Base on Balls
Batting: LHB Bill Chambers 0-0: Foul Ball, location: 2F
0-1: Swinging Strike
0-2: Ball
1-2: Fly out, F7 (Line Drive, 7S)
Batting: LHB Paul Smith 0-0: Foul Ball, location: 2F
0-1: Ball
1-1: Foul Ball, location: 2F
1-2: Fly out, F9 (Flyball, 9LM)
Top of the 7th over - 2 run(s), 3 hit(s), 0 error(s), 2 left on base; Boston 2 - Athletic Club KC 5
BOTTOM OF THE 7TH
Athletic Club KC batting - Pitching for Boston Patriots : RHP Yuri Volkers
Pitching: LHP Jesús Caldero
Batting: SHB David Henderson 0-0: Ball
1-0: Ball
2-0: Ball
3-0: Foul Ball, location: 2F
3-1: SINGLE (Line Drive, 8LS)
Batting: RHB Harry Fuller 0-0: Sac Bunt - play at first, batter OUT! 3-4
David Henderson to second
Batting: RHB Ramón Souza 0-0: Intentional Walk
Batting: RHB Ed Hopkins 0-0: Fly out, F7 (Flyball, 78XD)
Runner from 2nd tags up, SAFE at 3rd, no throw
Batting: RHB Rick Atkinson 0-0: Called Strike
0-1: Swinging Strike
0-2: Foul Ball, location: 2F
0-2: Strikes out swinging
Bottom of the 7th over - 0 run(s), 1 hit(s), 0 error(s), 2 left on base; Boston 2 - Athletic Club KC 5
TOP OF THE 8TH
Boston Patriots batting - Pitching for Athletic Club KC : RHP Joe Ellis
Batting: RHB Manuel Villarreal 0-0: Ball
1-0: Ball
2-0: Ball
3-0: Base on Balls
Pitching: RHP César Vatgos
Batting: RHB Tommy Jones 0-0: Ball
1-0: Called Strike
1-1: Ball
2-1: Fielders Choice at 2nd, 6-4 (Groundball, 6M)
Pitching: LHP Carlos Vargas
Batting: LHB Chad Armstrong 0-0: Ball
1-0: Ball
2-0: Ball
3-0: Base on Balls
Tommy Jones to second
Batting: LHB Luis Rodríguez 0-0: DOUBLE (Line Drive, 9LM)
Tommy Jones scores
Chad Armstrong to third
Batting: LHB Jake Shelton 0-0: Fly out, F8 (Flyball, 8RD)
Runner from 3rd tags up, SCORES, no throw
Pitching: RHP Artie Beardsall
Batting: RHB Bob Heller 0-0: Swinging Strike
0-1: Swinging Strike
0-2: Ball
1-2: Ground out 5-3 (Groundball, 5L)
Top of the 8th over - 2 run(s), 1 hit(s), 0 error(s), 1 left on base; Boston 4 - Athletic Club KC 5
BOTTOM OF THE 8TH
Athletic Club KC batting - Pitching for Boston Patriots : LHP Jesús Caldero
Batting: RHB Jorge Trevino 0-0: Ball
1-0: Ball
2-0: Foul Ball, location: 2F
2-1: Foul Ball, location: 2F
2-2: Ball
3-2: Base on Balls
Batting: RHB Juan Benítez Balk!
Jorge Trevino to second
0-0: Called Strike
0-1: Swinging Strike
0-2: Strikes out looking
Batting: RHB Todd Blake 0-0: Ball
1-0: Ball
2-0: Ball
3-0: Called Strike
3-1: Base on Balls
Pinch Hitting: RHB Bill Dennis 0-0: Grounds into double play, 6-4-3 (Groundball, 6)
Bottom of the 8th over - 0 run(s), 0 hit(s), 0 error(s), 1 left on base; Boston 4 - Athletic Club KC 5
TOP OF THE 9TH
Boston Patriots batting - Pitching for Athletic Club KC : RHP Artie Beardsall
Pitching: RHP Byron Rogers
Pinch Hitting: RHB John MacGregor 0-0: Foul Ball, location: 2F
0-1: Called Strike
0-2: Ball
1-2: Ball
2-2: Ball
3-2: Ground out 5-3 (Groundball, 5S)
Batting: LHB Bill Chambers 0-0: Ball
1-0: DOUBLE (Groundball, 5L)
Batting: LHB Paul Smith 0-0: Ground out 5-3 (Groundball, 56)
Batting: RHB Manuel Villarreal 0-0: Foul Ball, location: 2F
0-1: Ball
1-1: Ground out 4-3 (Groundball, 4)
Top of the 9th over - 0 run(s), 1 hit(s), 0 error(s), 1 left on base; Boston 4 - Athletic Club KC 5
This league is powered by Out of the Park Baseball, the baseball management simulation game for PC, Mac and Linux
Friday, October 23rd, 2015 - OOTP Baseball 16.9 Build 39